 Dungeon Crawl Stone Soup version 0.24.0-10-g970556be89 (webtiles) character file.

Game seed: 15381371920060655958, levelgen mode: deterministic

12721 bl3nd3r the Severer (level 11, -7/156 HPs)
             Began as a Minotaur Berserker on Nov 4, 2019.
             Was a High Priest of Trog.
             Mangled by Rupert
             ... wielding a +2 great mace of protection
              (35 damage)
             ... on level 12 of the Dungeon.
             The game lasted 00:31:41 (13480 turns).

bl3nd3r the Severer (Minotaur Berserker)           Turns: 13480, Time: 00:31:42

Health: -7/156     AC: 11    Str: 28    XL:     11   Next: 66%
Magic:  0/10       EV: 13    Int:  4    God:    Trog [*****.]
Gold:   757        SH:  7    Dex: 12    Spells: 10/10 levels left

rFire    . . .     SeeInvis .   b - +0 broad axe
rCold    + . .     Gourm    .   B - +2 buckler
rNeg     . . .     Faith    .   K - +1 ring mail {rC+}
rPois    +         Spirit   +   (helmet restricted)
rElec    .         Reflect  .   (no cloak)
rCorr    .         Harm     .   u - +1 pair of gloves
MR       +++..                  v - +0 pair of boots
Stlth    ..........             Q - amulet of guardian spirit
HPRegen  1.36/turn              h - ring of poison resistance
MPRegen  0.12/turn              p - ring of protection from magic

@: berserking, regenerating, very quick
A: retaliatory headbutt, horns 2
a: Berserk, Trog's Hand, Brothers in Arms, Renounce Religion


You were on level 12 of the Dungeon.
You worshipped Trog.
Trog was extremely pleased with you.
You were near starving.

You visited 1 branch of the dungeon, and saw 13 of its levels.
You also visited: Ossuary.

You collected 757 gold pieces.

Inventory:

Hand Weapons
 b - a +0 broad axe (weapon)
 O - a +0 hand axe of chopping
 R - the +11 battleaxe "Aptal" {drain, +Blink Int+4 Dex-4}
   (Trog gifted it to you on level 11 of the Dungeon)

   A truly terrible weapon, it drains the life of those it strikes.
   It affects your intelligence (+4).
   It affects your dexterity (-4).
   It lets you blink.
Missiles
 C - 8 atropa-tipped darts (quivered)
 N - 4 javelins
Armour
 u - a +1 pair of gloves (worn)
 v - a +0 pair of boots (worn)
 B - a +2 buckler (worn)
 K - a +1 ring mail of cold resistance (worn)
Jewellery
 h - a ring of poison resistance (left hand)
 p - a ring of protection from magic (right hand)
 t - an uncursed ring of protection from fire
 y - an uncursed amulet of harm
 Q - an amulet of guardian spirit (around neck)
Wands
 a - a wand of disintegration (13)
 l - a wand of scattershot (2)
 n - a wand of digging (6)
 M - a wand of random effects (9)
 T - a wand of acid (9)
Scrolls
 e - 5 scrolls of teleportation
 i - a scroll of fog {unknown}
 j - 2 scrolls of enchant armour
 o - a scroll of blinking
 r - a scroll of remove curse
 s - a scroll of random uselessness
 x - a scroll of enchant weapon {unknown}
 z - a scroll of fear {unknown}
 F - a scroll of brand weapon {unknown}
 G - 4 scrolls of identify
 H - 2 scrolls of magic mapping
 J - a scroll of amnesia {unknown}
 P - a scroll of summoning {unknown}
Potions
 d - 5 potions of curing {unknown}
 f - 2 potions of might {unknown}
 g - 2 potions of invisibility {unknown}
 k - 3 potions of brilliance
 m - a potion of resistance {unknown}
 q - 2 potions of haste {unknown}
 w - a potion of magic {unknown}
 A - 2 potions of mutation {unknown}
 D - 2 potions of heal wounds {unknown}
 E - a potion of ambrosia {unknown}
 I - 3 potions of flight {unknown}
 L - a potion of lignification {unknown}
Comestibles
 c - 15 rations


   Skills:
 * Level 11.8 Fighting
 * Level 15.7 Axes
 + Level 8.4 Armour
 - Level 5.0 Dodging
 - Level 4.3 Shields


You had 10 spell levels left.
You didn't know any spells.
Your spell library was empty.

Dungeon Overview and Level Annotations

Branches:
Dungeon (13/15)            Temple (0/1) D:6            Lair (0/6) D:11
    Orc (0/2) D:9         Ossuary (visited)
 Vaults: D:13-14

Altars:
Hepliaklqana
Makhleb
Okawaru
Ru
Sif Muna
Wu Jian
Xom
Yredelemnul
The Shining One

Shops:
D:9 [

Annotations:
D:11 exclusion: oklob plant
D:12 Rupert


Innate Abilities, Weirdness & Mutations

You reflexively headbutt those who attack you in melee.
You have a pair of horns on your head.


Message History

You hit Rupert but do no damage. Your headbutt misses Rupert.
Rupert is heavily wounded.
Rupert hits you with a +2 great mace of protection!!
* * * LOW HITPOINT WARNING * * *
You closely miss Rupert. You headbutt Rupert, but do no damage.
Rupert is heavily wounded.
Rupert closely misses you. You furiously retaliate!
You headbutt Rupert, but do no damage. You barely miss Rupert.
Rupert is heavily wounded.
Rupert closely misses you.
You barely miss Rupert. You headbutt Rupert!
Rupert is heavily wounded.
Rupert hits you with a +2 great mace of protection.
* * * LOW HITPOINT WARNING * * *
A red film seems to cover your vision as you go berserk!
You feel yourself moving faster!
You feel mighty!
You are near starving!
Rupert hits you with a +2 great mace of protection!!!
You die...

##.......#....#,,,,,,,,,,,,,
#............####******,,,,
#....$..........* *,,,,,,
#..............#* **,,,,,
#..............# **,,,,
#.............### *,,,,, ***
#...............### *,,,,,
*,****#)................#***,,,,,
**,,*#..........@........,,...,,,
**.............@^..<............
*####.....................[....
#.........##'#..<..........
##........#,..#...........#
#........#,..#,...........
#.....##.#,..#*,#.........
##....*⌠.#*'##,⌠#.........
#....*...,..,,,#.........


You could see Rupert (berserk).

Vanquished Creatures
  2 two-headed ogres
  2 unseen horrors
  An ugly thing (D:8)
  Maurice (D:9)
  Joseph (D:9)
  A hornet (D:5)
  2 trolls
  Prince Ribbit (D:6)
  A centaur simulacrum (D:13)
  10 yaks
  3 wyverns
  A hungry ghost (D:11)
  An acid dragon (D:9)
  A black bear (D:10)
  3 orc warriors
  2 ice beasts
  2 sky beasts
  5 ogres
  2 phantoms
  2 necrophages (D:8)
  8 centaurs
  An elf zombie (Ossuary)
  2 big kobolds
  5 bullfrogs
  A wyvern zombie (D:12)
  3 scorpions
  A water moccasin zombie (D:8)
  13 killer bees
  2 wights (D:8)
  4 howler monkeys
  5 crimson imps
  3 bullfrog zombies
  3 human zombies (Ossuary)
  4 centaur zombies
  2 hounds
  2 orc priests
  3 jellies
  4 orc wizards
  2 centaur skeletons
  3 iguanas
  7 worker ants
  A killer bee zombie (D:7)
  3 big kobold zombies (Ossuary)
  2 hound zombies
  3 mummies (Ossuary)
  2 hound skeletons (D:8)
  Robin (D:4)
  A worker ant zombie (D:8)
  11 adders
  3 gnolls (D:3)
  3 shadow imps
  An ooze (D:5)
  2 adder zombies (Ossuary)
  3 adder skeletons
  3 worms
  4 dart slugs (D:1)
  5 leopard geckos
  40 orcs
  6 bats
  4 giant cockroaches
  8 hobgoblins
  24 jackals
  18 kobolds
  6 quokkas
  3 ball pythons
  3 frilled lizards
  12 goblins
  5 goblin zombies (Ossuary)
  7 hobgoblin zombies (Ossuary)
  A jackal skeleton (D:4)
  5 jackal zombies
  A kobold zombie (Ossuary)
  An orc zombie (Ossuary)
  2 quokka zombies (Ossuary)
  6 rats
  7 rat zombies (Ossuary)
329 creatures vanquished.

Notes
Turn   | Place    | Note
-------+----------+-------------------------------------------
     0 | D:1      | bl3nd3r the Minotaur Berserker began the quest for the Orb.
     0 | D:1      | Reached XP level 1. HP: 19/19 MP: 0/0
   149 | D:1      | Reached skill level 4 in Axes
   246 | D:1      | Reached XP level 2. HP: 26/26 MP: 1/1
   507 | D:1      | Reached skill level 5 in Axes
   836 | D:2      | Reached XP level 3. HP: 31/31 MP: 2/2
   972 | D:2      | Noticed a bullfrog
   977 | D:2      | Killed a bullfrog
   977 | D:2      | Reached skill level 6 in Axes
   977 | D:2      | Reached XP level 4. HP: 39/39 MP: 3/3
  1250 | D:2      | Reached ** piety under Trog
  1742 | D:2      | Found a faded altar of an unknown god.
  2077 | D:3      | Reached skill level 7 in Axes
  2077 | D:3      | Reached XP level 5. HP: 28/45 MP: 4/4
  2798 | D:3      | Found a sacrificial altar of Ru.
  2798 | D:3      | Found an iron altar of Okawaru.
  3114 | D:3      | Reached skill level 8 in Axes
  3536 | D:4      | Reached XP level 6. HP: 47/51 MP: 5/5
  3622 | D:4      | Noticed Robin
  3666 | D:4      | Killed Robin
  3800 | D:4      | Reached skill level 9 in Axes
  4040 | D:4      | Reached *** piety under Trog
  4401 | D:4      | Reached XP level 7. HP: 44/57 MP: 6/6
  4654 | D:5      | Entered Level 5 of the Dungeon
  4735 | D:5      | Reached skill level 10 in Axes
  4955 | D:5      | Found a sand-covered staircase.
  5022 | Ossuary  | Entered an ossuary
  5055 | Ossuary  | Received a gift from Trog
  5142 | Ossuary  | Reached skill level 11 in Axes
  5278 | Ossuary  | Reached **** piety under Trog
  5291 | Ossuary  | Reached XP level 8. HP: 47/64 MP: 7/7
  5815 | D:5      | Found a burning altar of Makhleb.
  5864 | D:5      | Reached skill level 12 in Axes
  6442 | D:5      | Noticed a hornet
  6447 | D:5      | Paralysed by a hornet for 1 turns
  6452 | D:5      | HP: 5/100 [hornet (9)]
  6456 | D:5      | Killed a hornet
  6456 | D:5      | Reached skill level 5 in Fighting
  6458 | D:5      | HP: 3/102 [poisoned by a hornet]
  6817 | D:5      | Found a basalt altar of Yredelemnul.
  6822 | D:5      | Found a glowing golden altar of the Shining One.
  7002 | D:6      | Found a hazy altar of Hepliaklqana.
  7061 | D:6      | Received a gift from Trog
  7121 | D:6      | Reached skill level 1 in Shields
  7121 | D:6      | Reached XP level 9. HP: 70/74 MP: 8/8
  7325 | D:6      | Found a staircase to the Ecumenical Temple.
  7693 | D:6      | Found a shimmering altar of Xom.
  7966 | D:7      | Noticed Prince Ribbit
  7981 | D:6      | Killed Prince Ribbit
  8395 | D:7      | Reached skill level 13 in Axes
  9163 | D:8      | Reached ***** piety under Trog
  9163 | D:8      | Reached skill level 5 in Armour
  9443 | D:8      | Noticed a green ugly thing
  9484 | D:8      | Killed a green ugly thing
  9484 | D:8      | Reached skill level 5 in Dodging
  9484 | D:8      | Reached XP level 10. HP: 68/88 MP: 9/9
  9495 | D:8      | Found an ornate altar of the Wu Jian Council.
  9588 | D:8      | Noticed a two-headed ogre
  9599 | D:8      | Killed a two-headed ogre
  9852 | D:9      | Noticed a two-headed ogre
  9866 | D:9      | Killed a two-headed ogre
  9866 | D:9      | Reached skill level 14 in Axes
 10300 | D:9      | Found a staircase to the Orcish Mines.
 10384 | D:9      | Found a shimmering blue altar of Sif Muna.
 10451 | D:9      | Found Todikar's Armour Shoppe.
 10775 | D:9      | Noticed Joseph
 10796 | D:9      | Killed Joseph
 10969 | D:9      | Noticed Maurice
 10982 | D:9      | Killed Maurice
 11313 | D:10     | Entered Level 10 of the Dungeon
 11317 | D:10     | Reached skill level 10 in Fighting
 11340 | D:9      | Received a gift from Trog
 11702 | D:10     | Reached XP level 11. HP: 74/100 MP: 10/10
 11940 | D:10     | Reached skill level 15 in Axes
 12346 | D:10     | You fall into a shaft and drop 1 floor!
 12424 | D:11     | Found a staircase to the Lair.
 12424 | D:11     | Noticed an oklob plant
 12468 | D:11     | Killed an unseen horror
 12564 | D:11     | Received a gift from Trog
 12565 | D:11     | Got a transparent battleaxe {god gift}
 12921 | D:11     | You fall into a shaft and drop 2 floors!
 13040 | D:13     | Identified the +11 battleaxe "Aptal" {drain, +Blink Int+4
                  | Dex-4} (Trog gifted it to you on level 11 of the Dungeon)
 13167 | D:13     | Noticed a four-headed hydra
 13179 | D:13     | Killed an unseen horror
 13217 | D:12     | Noticed a tengu warrior
 13217 | D:12     | Noticed a tengu warrior
 13447 | D:12     | Noticed Rupert
 13449 | D:12     | Paralysed by Rupert for 4 turns
 13459 | D:12     | Paralysed by Rupert for 3 turns
 13480 | D:12     | Mangled by Rupert

Levels and vault maps discovered:
D:1:      minmay_arrival_five_plusses, layout_basic
D:2:      layout_loops_ring, first_ration, chequers_ecumenical_altar_lobes,
          uniq_crazy_yiuf_cottage
D:3:      layout_basic, chequers_temple_overflow_statue_of_worship,
          chequers_big_river, dk_vineyard_2, minmay_circle_x
D:4:      layout_gridville, minmay_misc_feat_diagonals, uniq_robin
D:5:      layout_basic, grunt_temple_overflow_holy_war,
          overflow_temple_1_default, nicolae_ossuary_entry_monument,
          minmay_divided_ellipse
D:6:      layout_basic, kennysheep_mini, kennysheep_little_box,
          minmay_temple_entry_offerings
D:7:      layout_rooms, serial_rivers, chequers_serial_rivers_small_3,
          chequers_serial_rivers_micro_a, chequers_serial_rivers_micro_b,
          chequers_serial_rivers_large_a, chequers_serial_rivers_marsh,
          uniq_prince_ribbit1
D:8:      layout_basic, lemuel_crystal_altar, serial_undead, serial_undead_d,
          serial_undead_c, serial_undead_f, serial_undead_a
D:9:      layout_stronghold, overflow_temple_1_default, orc_0_dummy,
          serial_shops, shop, uniq_joseph, uniq_maurice
D:10:     layout_cave_pools, nicolae_trove_entry_crossroad
D:11:     layout_loops_corners, dpeg_oklobed_lair, serial_shops, shop,
          hangedman_pestilent_swarm, uniq_urug
D:12:     layout_layer_cave, serial_shops, bzr_firewalk,
          evilmike_ruin_ashenzari, uniq_rupert
D:13:     layout_loops_ring

Skill      XL: |  1  2  3  4  5  6  7  8  9 10 11 |
---------------+----------------------------------+-----
Axes           | 4 5 6 7 8 9 11 12 13 14 15 | 15.7
Fighting       | 5 7 10 11 | 11.8
Armour         | 3 5 7 8 |  8.4
Dodging        | 3 5 |  5.0
Shields        | 1 3 4 |  4.3

Action                   |  1- 3 |  4- 6 |  7- 9 | 10-12 || total
-------------------------+-------+-------+-------+-------++-------
Melee: Hand axe          |    51 |   192 |   467 |   358 ||  1068
       Headbutt          |     5 |    37 |   114 |   100 ||   256
       Broad axe         |       |       |       |    36 ||    36
Invok: Berserk           |       |     3 |     8 |     4 ||    15
       Trog's Hand       |       |       |     1 |     2 ||     3
  Use: Scroll            |       |       |    10 |     1 ||    11
  Eat: Chunk             |       |    10 |    17 |    14 ||    41
       Ration            |       |     1 |     2 |     1 ||     4
Armor: Animal skin       |     6 |       |       |       ||     6
       Leather armour    |     8 |    42 |    48 |       ||    98
       Ring mail         |       |       |    42 |   113 ||   155
Dodge: Dodged            |    33 |   101 |   150 |   190 ||   474
Block: Buckler           |       |     2 |    97 |   113 ||   212
